[Event "Team 45 45 League T49"]
[Site "Internet Chess Club"]
[Date "2011.05.21"]
[Round "2"]
[White "DaveTheRook"]
[Black "kidviper"]
[Result "0-1"]
[WhiteElo "1732"]
[BlackElo "1941"]
[Opening "Bogo-Indian defense"]
[ECO "E11"]
[Time "15:31:08"]
[TimeControl "2700+45"]

1. d4 Nf6 2. c4 e6 3. Nf3 Bb4+ 4. Bd2 a5 5. a3 Be7 6. Nc3 b6 7. e4 Bb7 8. Bd3 d6
9. O-O O-O 10. Re1 c5 11. d5 exd5 12. exd5 Nbd7 13. Qc2 h6 14. h3 Ba6 15. Re2
Re8 16. Rae1 Bf8 17. Rxe8 Nxe8 18. Ne4 Nef6 19. Ng3 Qc7 20. a4 Re8 21. Rxe8 Nxe8
22. b3 Be7 23. Nf5 Bf6 24. Bf4 Nf8 25. Qe2 Qd8 26. Qd2 Bc8 27. Bxh6 Bxf5 28.
Bxf5 gxh6 29. Qxh6 Bg7 30. Qe3 Nf6 31. Qg5 Qe8 32. h4 N6h7 33. Qg3 Qe7 34. h5
Kh8 35. h6 Bxh6 36. Qh3 Kg7 37. Qg3+ Ng6 38. Bd3 Qf6 39. Bxg6 Qxg6 40. Qh3 Ng5
41. Nh4 Nxh3+ {White resigns} 0-1

[Event "Team 45 45 League T49"]
[Site "Internet Chess Club"]
[Date "2011.05.21"]
[Round "2"]
[White "SIDDuchess"]
[Black "badmove"]
[Result "1/2-1/2"]
[WhiteElo "1652"]
[BlackElo "1722"]
[Opening "Alekhine's defense: exchange variation"]
[ECO "B03"]
[Time "10:00:22"]
[TimeControl "2700+45"]

1. e4 Nf6 2. e5 Nd5 3. d4 d6 4. c4 Nb6 5. exd6 exd6 6. Nc3 Be7 7. Be2 Bf5 8. Nf3
O-O 9. O-O Bf6 10. Be3 Nc6 11. Rc1 d5 12. c5 Nc8 13. Bf4 a6 {Game drawn by
mutual agreement} 1/2-1/2

[Event "Team 45 45 League T49"]
[Site "Internet Chess Club"]
[Date "2011.05.20"]
[Round "2"]
[White "Ernie1"]
[Black "mongmong"]
[Result "1-0"]
[WhiteElo "1642"]
[BlackElo "1620"]
[Opening "Queen's pawn"]
[ECO "A40"]
[Time "20:03:08"]
[TimeControl "2700+45"]

1. d4 e6 2. Nf3 d5 3. Bg5 Nf6 4. e3 Nbd7 5. Bd3 c6 6. Nbd2 Bd6 7. e4 dxe4 8.
Nxe4 Be7 9. Qd2 Nxe4 10. Bxe4 Bxg5 11. Qxg5 Qxg5 12. Nxg5 h6 13. Nf3 O-O 14. Ne5
Nxe5 15. dxe5 Bd7 16. O-O-O Rfd8 17. Rd6 Be8 18. Rhd1 Rxd6 19. exd6 Rd8 20. c4
b6 21. b4 Bd7 22. c5 bxc5 23. bxc5 Kf8 24. Rd3 Rb8 25. Ra3 Ra8 26. Ra6 f5 27.
Bxc6 Bxc6 28. Rxc6 Kf7 29. Rc7+ Kf6 30. c6 {Black resigns} 1-0

[Event "Team 45 45 League T49"]
[Site "Internet Chess Club"]
[Date "2011.05.22"]
[Round "2"]
[White "Ptzz"]
[Black "ben622"]
[Result "1-0"]
[WhiteElo "2119"]
[BlackElo "1962"]
[Opening "English: Anglo-Grünfeld, Smyslov defense"]
[ECO "A15"]
[Time "15:00:38"]
[TimeControl "2700+45"]

1. c4 Nf6 2. g3 g6 3. Bg2 d5 4. cxd5 Nxd5 5. Nc3 Nxc3 6. bxc3 Bg7 7. Rb1 c6 8.
Nf3 O-O 9. O-O Nd7 10. c4 Qa5 11. Qb3 Nb6 12. d3 Qa4 13. Be3 Qxb3 14. Rxb3 Nd7
15. a4 e5 16. a5 Re8 17. Nd2 a6 18. Ne4 Re6 19. g4 f5 20. gxf5 gxf5 21. Nc5 Nxc5
22. Bxc5 Bf8 23. Bxf8 Kxf8 24. Bh3 Rh6 25. Kg2 Ke7 26. f4 Bd7 27. Rf3 Rg8+ 28.
Kf2 e4 29. dxe4 fxe4 30. Rfe3 Rxh3 31. Rxh3 Bxh3 32. Rxh3 Rg7 33. Ke3 Kd6 34.
Kd4 e3 35. Rh6+ Kc7 36. c5 Re7 37. f5 Rf7 38. f6 Kd7 39. Kxe3 Ke6 40. Kf4 Rf8
41. e4 Rd8 42. Rxh7 Kxf6 43. Rxb7 Rh8 44. Rc7 Rh4+ 45. Kg3 Rxe4 46. Rxc6+ Ke5
47. Rxa6 Kd5 48. c6 Ra4 49. h4 Kd6 50. h5 Kc7 51. h6 Ra1 52. Kg4 Rh1 53. Kg5
Rg1+ 54. Kf6 Rf1+ 55. Kg7 Rg1+ 56. Kh8 Rh1 57. h7 Rg1 58. Ra7+ Kxc6 59. Rg7 Rd1
60. Kg8 Rd8+ 61. Kf7 Rd7+ 62. Kg6 Rd6+ 63. Kg5 Rd5+ 64. Kh6 Rd1 65. Rg8 Rh1+ 66.
Kg6 Rg1+ 67. Kf5 {Black resigns} 1-0

[Event "Team 45 45 League T49"]
[Site "Internet Chess Club"]
[Date "2011.05.22"]
[Round "2"]
[White "DreamCatcher13"]
[Black "Jack-ONeill"]
[Result "0-1"]
[WhiteElo "1894"]
[BlackElo "2006"]
[Opening "French: exchange variation"]
[ECO "C01"]
[Time "10:21:57"]
[TimeControl "2700+45"]

1. e4 e6 2. d4 d5 3. exd5 exd5 4. Nf3 Bd6 5. c4 dxc4 6. Bxc4 Nf6 7. Nc3 O-O 8.
O-O Nc6 9. Re1 Bg4 10. Be3 a6 11. h3 Bh5 12. g4 Bg6 13. Nh4 Nd5 14. Nxg6 Nxe3
15. Rxe3 hxg6 16. Kg2 Qd7 17. Ne4 Rae8 18. Nc5 Bxc5 19. dxc5 Nd4 20. Kg1 Rd8 21.
Rd3 Rfe8 22. Qd2 Nf3+ {White resigns} 0-1

[Event "Team 45 45 League T49"]
[Site "Internet Chess Club"]
[Date "2011.05.24"]
[Round "2"]
[White "Despair"]
[Black "AreYouSerious"]
[Result "1-0"]
[WhiteElo "2084"]
[BlackElo "2002"]
[Opening "Benko's opening"]
[ECO "A00"]
[Time "22:37:26"]
[TimeControl "2700+45"]

1. g3 Nf6 2. c4 d6 3. Bg2 g6 4. d4 c6 5. Nf3 Bg7 6. Nc3 O-O 7. O-O Na6 8. a3 Nc7
9. e4 Bg4 10. h3 Bc8 11. Be3 Re8 12. Qb3 Rb8 13. Rfd1 Nd7 14. e5 Nf8 15. c5 d5
16. Qa4 Na6 17. Bf1 Bd7 18. Rab1 Qc8 19. Kh2 h6 20. b4 Nc7 21. Bg2 Nh7 22. Qa5
g5 23. Ra1 Bf5 24. Ne1 Ne6 25. Nd3 Nhf8 26. b5 Nd7 27. Qb4 Rf8 28. a4 f6 29.
exf6 {Black disconnected and forfeits} 1-0

[Event "Team 45 45 League T49"]
[Site "Internet Chess Club"]
[Date "2011.05.23"]
[Round "2"]
[White "bshribharath"]
[Black "ivanson"]
[Result "1-0"]
[WhiteElo "1784"]
[BlackElo "1817"]
[Opening "Vienna: Paulsen-Mieses variation"]
[ECO "C26"]
[Time "22:11:45"]
[TimeControl "2700+45"]

1. e4 e5 2. Nc3 Nf6 3. g3 d5 4. exd5 Nxd5 5. Bg2 Nxc3 6. bxc3 Bd6 7. Ne2 O-O 8.
d4 Nd7 9. O-O c6 10. a4 Nb6 11. a5 Nc4 12. Qd3 Nxa5 13. dxe5 Bc7 14. Ba3 Qxd3
15. cxd3 Re8 16. f4 Bf5 17. Rfd1 Rad8 18. Bb4 b6 19. Bxa5 bxa5 20. Bxc6 Bb6+ 21.
Kg2 Re7 22. d4 Rc7 23. Bf3 Bc2 24. Rd2 Bb3 25. d5 Bc4 26. d6 Rc5 27. Nd4 Bd5 28.
Bxd5 Rxd5 29. Kf3 Kf8 30. Ke4 Rc5 31. Rd3 Ke8 32. Ra4 Rdc8 33. Nb3 Kd7 34. Nxc5+
Rxc5 35. c4 g6 36. Rd5 Rc8 37. Kd3 {Black resigns} 1-0

[Event "Team 45 45 League T49"]
[Site "Internet Chess Club"]
[Date "2011.05.20"]
[Round "2"]
[White "MikeA"]
[Black "TerryMalloy"]
[Result "1/2-1/2"]
[WhiteElo "2215"]
[BlackElo "1937"]
[Opening "Petrov: classical attack, Chigorin variation"]
[ECO "C42"]
[Time "21:14:37"]
[TimeControl "2700+45"]

1. e4 e5 2. Nf3 Nf6 3. Nxe5 d6 4. Nf3 Nxe4 5. d4 d5 6. Bd3 Nc6 7. O-O Be7 8. Re1
Bg4 9. c4 Nf6 10. Nc3 Bxf3 11. Qxf3 Nxd4 12. Qg3 dxc4 13. Bxc4 O-O 14. Bg5 Bd6
15. Qd3 Ne6 16. Bh4 Nf4 17. Qc2 Ng6 18. Bxf6 Qxf6 19. Ne4 Qf5 20. Bd3 Qh5 21.
Nxd6 cxd6 22. Rad1 Rac8 23. Bxg6 Qxg6 24. Qxg6 fxg6 25. Rxd6 Rc2 26. Rd7 Rxb2
27. f3 Rc8 28. a4 h5 29. h4 Rcc2 {Game drawn by mutual agreement} 1/2-1/2

[Event "Team 45 45 League T49"]
[Site "Internet Chess Club"]
[Date "2011.05.21"]
[Round "2"]
[White "JeeniousChess"]
[Black "CaoCao"]
[Result "1-0"]
[WhiteElo "1826"]
[BlackElo "1890"]
[Opening "Benoni defense"]
[ECO "A61"]
[Time "12:01:08"]
[TimeControl "2700+45"]

1. d4 Nf6 2. c4 c5 3. d5 e6 4. Nc3 exd5 5. cxd5 d6 6. Nf3 g6 7. Bf4 a6 8. a4 Bg7
9. h3 Qe7 10. e3 O-O 11. Be2 b6 12. O-O Bb7 13. Bg5 Nbd7 14. Nd2 h6 15. Bh4 g5
16. Bg3 Ne5 17. Bxe5 dxe5 18. Nc4 Nd7 19. Qb3 Rab8 20. e4 Qf6 21. Bg4 Bc8 22. d6
h5 23. Bxh5 Qh6 24. Bg4 Nf6 25. Bxc8 Rfxc8 26. Rad1 Nd7 27. Nd5 Bf8 28. Qg3 Re8
29. Nce3 Bxd6 30. Nf5 Qg6 31. Nde3 Re6 32. Rxd6 Rxd6 33. Ne7+ {Black resigns}
1-0

[Event "Team 45 45 League T49"]
[Site "Internet Chess Club"]
[Date "2011.05.21"]
[Round "2"]
[White "primerpaso"]
[Black "livis"]
[Result "1/2-1/2"]
[WhiteElo "1844"]
[BlackElo "1979"]
[Opening "English opening"]
[ECO "A21"]
[Time "18:00:21"]
[TimeControl "2700+45"]

1. c4 e5 2. Nc3 f5 3. g3 Nf6 4. Bg2 Be7 5. e3 O-O 6. Nge2 d6 7. O-O c6 8. d4 Be6
9. b3 Qe8 10. d5 Bf7 11. Ba3 c5 12. Qd2 Na6 13. e4 fxe4 14. Nxe4 Nxe4 15. Bxe4
Bg6 16. Qd3 Bxe4 17. Qxe4 Qh5 18. Rae1 Rf3 19. Nf4 exf4 20. Qxe7 fxg3 21. hxg3
Raf8 22. Qxd6 Qg5 23. Bc1 Qh5 24. Re5 Qf7 25. Qe6 Nb4 26. Qxf7+ R3xf7 27. Re2 h6
28. Bf4 Nd3 29. Bd6 Rd8 30. Be7 Rd7 31. d6 Nb4 32. f4 Nc6 33. Rfe1 Nd4 34. Rf2
Nf5 35. Kg2 Nxd6 36. Bxd6 Rxd6 37. Re8+ Kh7 38. Rfe2 b6 39. R8e5 Rc7 40. Kf2
Rcd7 41. Re7 Rd4 42. Rxd7 Rxd7 43. Kf3 Kg6 44. Kg4 Kf6 45. Kf3 h5 46. Re5 Rd3+
47. Kf2 Rd2+ 48. Re2 Rd1 49. Kf3 g6 50. Ke4 g5 51. fxg5+ Kxg5 52. Kf3 Rd3+ 53.
Re3 Rd2 54. Re5+ Kg6 55. Re2 Rd1 56. Kf4 Kf6 57. Rf2 Rd4+ 58. Ke3+ Ke6 59. Rh2
Rg4 60. Rxh5 Rxg3+ 61. Ke4 Rg4+ 62. Kf3 {Game drawn by mutual agreement} 1/2-1/2

[Event "Team 45 45 League T49"]
[Site "Internet Chess Club"]
[Date "2011.05.23"]
[Round "2"]
[White "MtzKid"]
[Black "frank001"]
[Result "1-0"]
[WhiteElo "1739"]
[BlackElo "1596"]
[Opening "Caro-Kann: exchange variation"]
[ECO "B13"]
[Time "23:00:13"]
[TimeControl "2700+45"]

1. e4 c6 2. d4 d5 3. exd5 cxd5 4. Bd3 Nc6 5. c3 Qc7 6. Ne2 Bg4 7. f3 Bd7 8. Bf4
e5 9. dxe5 Nxe5 10. Bc2 Bd6 11. Ba4 b5 12. Qxd5 Rc8 13. Bxb5 Nf6 14. Bxd7+ Nfxd7
15. O-O O-O 16. Nd2 Nf6 17. Qb3 Rb8 18. Qc2 Nd5 19. Kh1 Nxf4 20. Nxf4 Nxf3 21.
Rxf3 Bxf4 22. Raf1 Bxh2 23. Rh3 {Black resigns} 1-0

[Event "Team 45 45 League T49"]
[Site "Internet Chess Club"]
[Date "2011.05.24"]
[Round "2"]
[White "Wheels"]
[Black "futureGM"]
[Result "1-0"]
[WhiteElo "1842"]
[BlackElo "1817"]
[Opening "Ruy Lopez: Anderssen variation"]
[ECO "C77"]
[Time "18:30:09"]
[TimeControl "2700+45"]

1. e4 e5 2. Nf3 Nc6 3. Bb5 a6 4. Ba4 Nf6 5. d3 b5 6. Bb3 h6 7. c3 Bc5 8. O-O O-O
9. Nbd2 d6 10. h3 Be6 11. Bxe6 fxe6 12. Re1 Nh5 13. Nb3 Bb6 14. d4 exd4 15. cxd4
e5 16. a4 Qf6 17. Be3 Nf4 18. Bxf4 exf4 19. Qd3 Kh8 20. a5 Ba7 21. Rac1 d5 22.
e5 Qe6 23. Nh4 Rf7 24. Qg6 Nd8 25. Qxe6 Nxe6 26. Rc6 Nxd4 27. Nxd4 Bxd4 28. b4
Kh7 29. Nf3 Ba7 30. Kf1 Rc8 31. Rec1 g5 32. Ne1 Bd4 33. Nd3 Re7 34. Rxa6 Bxe5
35. Rc5 c6 36. Raxc6 Rxc6 37. Rxc6 Kg7 38. Rc5 Bf6 39. Rxd5 Rb7 40. Ke2 Kf7 41.
Kd2 Ke6 42. Rc5 Kd7 43. a6 Ra7 44. Rxb5 Kc6 45. Rf5 Bg7 46. b5+ Kb6 47. h4
{Black resigns} 1-0

[Event "Team 45 45 League T49"]
[Site "Internet Chess Club"]
[Date "2011.05.21"]
[Round "2"]
[White "Philly-Boy"]
[Black "Ivio"]
[Result "1-0"]
[WhiteElo "1835"]
[BlackElo "1754"]
[Opening "QGD: Orthodox defense, Bd3 line"]
[ECO "D66"]
[Time "15:14:25"]
[TimeControl "2700+45"]

1. d4 d5 2. c4 e6 3. Nc3 Nf6 4. Bg5 Be7 5. e3 O-O 6. Nf3 Nbd7 7. Rc1 c6 8. Bd3
Nb6 9. c5 Nbd7 10. b4 Qc7 11. Bf4 Qd8 12. h3 h6 13. O-O Re8 14. a4 Nh7 15. b5
Nhf8 16. Qe2 Ng6 17. Bxg6 fxg6 18. Qd3 Kh7 19. e4 dxe4 20. Nxe4 Nf6 21. Ne5 Nxe4
22. Qxe4 Bf6 23. Qxg6+ Kg8 24. Nf7 Qe7 25. Nxh6+ Kh8 26. Bd6 Qd7 27. Nf7+ Kg8
28. Ne5 Bxe5 29. Bxe5 Qf7 30. Qxf7+ Kxf7 31. Rc3 Bd7 32. Rb1 a6 33. bxa6 bxa6
34. Rb7 Red8 35. Rf3+ Ke8 36. Bd6 {Black resigns} 1-0

[Event "Team 45 45 League T49"]
[Site "Internet Chess Club"]
[Date "2011.05.19"]
[Round "2"]
[White "MasterOfTheKeys"]
[Black "Monsieur"]
[Result "1-0"]
[WhiteElo "1571"]
[BlackElo "1532"]
[Opening "Ruy Lopez: classical (Cordel) defense"]
[ECO "C64"]
[Time "20:05:22"]
[TimeControl "2700+45"]

1. e4 e5 2. Nf3 Nc6 3. Bb5 Bc5 4. O-O d6 5. c3 Ne7 6. d4 exd4 7. cxd4 Bb6 8. d5
a6 9. Ba4 O-O 10. dxc6 Nxc6 11. Nc3 Bd7 12. h3 f5 13. Bb3+ Kh8 14. Ng5 Be8 15.
Ne6 Qe7 16. Nxf8 Qxf8 17. Nd5 fxe4 18. Nxb6 cxb6 19. Be3 b5 20. Qd5 Bg6 21. Rad1
Rd8 22. Bb6 Rd7 23. a3 Bf7 24. Qf5 g6 25. Qf6+ Kg8 26. Bxf7+ Rxf7 27. Qxd6 Qg7
28. Rfe1 Qxb2 29. Rxe4 Qxa3 30. Qxa3 {Black resigns} 1-0

[Event "Team 45 45 League T49"]
[Site "Internet Chess Club"]
[Date "2011.05.20"]
[Round "2"]
[White "Gregorio"]
[Black "alexping"]
[Result "1-0"]
[WhiteElo "1984"]
[BlackElo "1925"]
[Opening "English: ultra-symmetrical variation"]
[ECO "A36"]
[Time "23:37:32"]
[TimeControl "2700+45"]

1. c4 c5 2. g3 g6 3. Bg2 Bg7 4. Nc3 Nc6 5. h4 Nf6 6. d3 O-O 7. Nh3 d6 8. Nf4 Rb8
9. Nfd5 Nxd5 10. cxd5 Ne5 11. h5 gxh5 12. Rxh5 f5 13. Bg5 Qe8 14. Rh1 b5 15. Qd2
b4 16. Nd1 a5 17. Ne3 a4 18. f4 Nf7 19. Bh4 a3 20. Rb1 axb2 21. Rxb2 Bxb2 22.
Qxb2 e5 23. dxe6 Bxe6 24. Nd5 Bxd5 25. Bxd5 Qe3 26. Be7 Qxe7 27. Rh5 Rbe8 28.
Rg5+ Qxg5 29. fxg5 Re5 30. Bb3 Rfe8 31. e4 fxe4 32. d4 Rxg5 33. Qf2 d5 34. dxc5
Ree5 35. c6 e3 36. Qf4 Rgf5 37. Qg4+ Kf8 38. c7 Nd6 39. Qxb4 Re8 40. Qxd6+ Re7
41. c8=Q+ {Black resigns} 1-0

[Event "Team 45 45 League T49"]
[Site "Internet Chess Club"]
[Date "2011.05.23"]
[Round "2"]
[White "Troparion"]
[Black "MeanMrMustard"]
[Result "1/2-1/2"]
[WhiteElo "1805"]
[BlackElo "1855"]
[Opening "French: exchange variation"]
[ECO "C01"]
[Time "22:04:34"]
[TimeControl "2700+45"]

1. e4 e6 2. d4 d5 3. exd5 exd5 4. Nf3 Nc6 5. Bd3 Bd6 6. O-O Nge7 7. b3 f6 8. Bb2
Bf5 9. Re1 O-O 10. Bxf5 Nxf5 11. Qd3 Nfe7 12. a3 Qd7 13. Nbd2 Qf5 14. Qxf5 Nxf5
15. Re2 Rae8 16. Rae1 Kf7 17. g3 g5 18. h3 h5 19. Rxe8 Rxe8 20. Rxe8 Kxe8 21. c3
a5 22. Kf1 b5 23. b4 Kd7 24. Ke2 a4 25. Ne1 Ke6 26. Kf3 Be7 27. Nc2 Nd6 28. Ne3
f5 29. Bc1 Ne4 30. Nd1 g4+ 31. hxg4 fxg4+ 32. Ke2 Bg5 33. Kd3 Ne7 34. Kc2 Nxd2
35. Bxd2 Kf6 36. Bxg5+ Kxg5 37. Kd2 Nf5 38. Nb2 Nd6 39. Ke3 Nc4+ 40. Nxc4 bxc4
41. f3 gxf3 42. Kxf3 c6 43. Ke2 Kg4 44. Kf2 Kg5 45. Kf3 Kf5 46. Ke3 Kg4 47. Kf2
h4 48. gxh4 Kxh4 49. Kf3 Kh3 50. Kf2 Kg4 51. Kg2 Kf4 52. Kf2 {Game drawn by
mutual agreement} 1/2-1/2

[Event "Team 45 45 League T49"]
[Site "Internet Chess Club"]
[Date "2011.05.19"]
[Round "2"]
[White "ghostfire"]
[Black "misuc56"]
[Result "0-1"]
[WhiteElo "1696"]
[BlackElo "1871"]
[Opening "Sicilian defense"]
[ECO "B32"]
[Time "18:00:25"]
[TimeControl "2700+45"]

1. e4 c5 2. Nf3 Nc6 3. d4 cxd4 4. Nxd4 d6 5. Nc3 g6 6. Be3 Bg7 7. Nxc6 bxc6 8.
Qd2 Bd7 9. O-O-O c5 10. Bc4 Rb8 11. Qd5 Be6 12. Qc6+ Kf8 13. Bxe6 fxe6 14. Qa4
Bxc3 15. bxc3 Qb6 16. Kd2 Nf6 17. Rb1 Qc7 18. Qc4 Kf7 19. f3 Rxb1 20. Rxb1 Rb8
21. Rxb8 Qxb8 22. Qb3 Qc7 23. c4 Nd7 24. Bh6 Qa5+ 25. Ke2 Qa6 26. Qc3 Ne5 27. f4
Qxc4+ 28. Qxc4 Nxc4 29. Kd3 d5 30. e5 Ke8 31. Bg5 Kd7 32. Bh4 Nb6 33. Bf2 Kc6
34. Bh4 Nc8 35. c4 dxc4+ 36. Kxc4 Nb6+ 37. Kd3 Kd5 38. Bxe7 c4+ 39. Kc2 Ke4 40.
g3 Nd5 41. Bc5 a6 42. Bf2 Kf3 43. Be1 Ke2 44. Bd2 h5 45. a3 Kf2 46. Ba5 Kg2 47.
Bd8 Kxh2 48. Bh4 Kg2 49. Kd2 Kf3 50. Kc2 Kg4 51. Kd2 Nxf4 52. Kc3 Nd5+ 53. Kxc4
g5 54. Kc5 gxh4 55. gxh4 Kxh4 56. Kd6 Nf4 {White resigns} 0-1

[Event "Team 45 45 League T49"]
[Site "Internet Chess Club"]
[Date "2011.05.21"]
[Round "2"]
[White "rubo"]
[Black "Frankly"]
[Result "1/2-1/2"]
[WhiteElo "1719"]
[BlackElo "1789"]
[Opening "Bird's opening: Lasker variation"]
[ECO "A03"]
[Time "15:30:41"]
[TimeControl "2700+45"]

1. f4 d5 2. Nf3 Nf6 3. e3 c5 4. b3 Nc6 5. Bb5 Bd7 6. O-O e6 7. Bb2 Be7 8. Nc3
O-O 9. Ne2 Rc8 10. Ng3 a6 11. Bxc6 Bxc6 12. Ne5 Nd7 13. Nh5 Nf6 14. Nxc6 Rxc6
15. Qf3 Nxh5 16. Qxh5 Bf6 17. Be5 d4 18. Rf3 dxe3 19. dxe3 Bxe5 20. Rh3 h6 21.
fxe5 Qd2 22. c4 Qb2 23. Rf1 Rc7 24. Rg3 Kh8 25. Rf6 Qb1+ 26. Kf2 Qc2+ 27. Kg1
Qb1+ 28. Kf2 Qc2+ 29. Kg1 Qb1+ 30. Kf2 Qc2+ {Game drawn by repetition} 1/2-1/2